 Dungeon Crawl Stone Soup version 0.29.1-12-g30fa7ad0bf (webtiles) character file.

Game seed: 16766712134856948799

1404 LustLizard the Cleaver (level 8, -1/66 HPs)
             Began as a Minotaur Monk on Jan 6, 2023.
             Slain by a wolf (7 damage)
             ... on level 5 of the Dungeon.
             The game lasted 00:15:40 (6613 turns).

LustLizard the Cleaver (Minotaur Monk)              Turns: 6613, Time: 00:15:40

Health: -1/66      AC:  8    Str: 18    XL:     8   Next: 42%
Magic:  7/7        EV: 10    Int: 13    God:
Gold:   312        SH:  0    Dex: 13    Spells: 7/7 levels left

rFire   . . .      SeeInvis .   D - +6 mace of Arbitration {vorpal, Int+6}
rCold   . . .      Faith    .   (no shield)
rNeg    . . .      Spirit   .   e - +0 scale mail
rPois   .          Reflect  .   (helmet restricted)
rElec   .          Harm     .   w - +0 cloak
rCorr   .          Rampage  .   (no gloves)
Will    .....                   u - +0 pair of boots
Stlth   ..........              (no amulet)
HPRegen 0.21/turn               (no ring)
MPRegen 0.10/turn               (no ring)

@: about to teleport
A: horns 2, retaliatory headbutt
a: no special abilities


You were on level 5 of the Dungeon.
You visited 1 branch of the dungeon, and saw 5 of its levels.

You collected 312 gold pieces.

Inventory:

Hand Weapons
 a - a +0 hand axe
 D - the +6 mace of Arbitration (weapon) {vorpal, Int+6}
   (You found it on level 5 of the Dungeon)

   It inflicts extra damage upon your enemies.
   Int:       It affects your intelligence (+6).
Missiles
 i - 6 silver javelins
 m - 34 stones (quivered)
 s - 11 boomerangs
 t - 17 poisoned darts
Armour
 e - a +0 scale mail (worn)
 u - a +0 pair of boots (worn)
 w - a +0 cloak (worn)
Wands
 y - a wand of iceblast (5)
Scrolls
 f - 3 scrolls of noise
 g - 3 scrolls of fog {unknown}
 h - 4 scrolls of teleportation
 j - a scroll of brand weapon {unknown}
 o - 3 scrolls of identify
 r - 2 scrolls of poison {unknown}
 v - a scroll of amnesia {unknown}
 B - 2 scrolls of immolation {unknown}
 C - a scroll of fear {unknown}
 E - a scroll of blinking {unknown}
Potions
 b - a potion of lignification {unknown}
 c - 4 potions of invisibility {unknown}
 d - a potion of berserk rage {unknown}
 k - 5 potions of mutation
 l - 3 potions of curing
 n - a potion of cancellation {unknown}
 p - a potion of heal wounds {unknown}
 q - a potion of flight {unknown}
 x - a potion of resistance
 z - a potion of haste {unknown}
 A - a potion of attraction {unknown}
 F - a potion of brilliance {unknown}


   Skills:
 - Level 3.8 Fighting
 - Level 9.5(10.1) Axes
 * Level 5.0(7.9) Maces & Flails
 + Level 5.6 Throwing
 - Level 3.2 Dodging
 - Level 1.5 Stealth


You had 7 spell levels left.
You didn't know any spells.
Your spell library contained the following spells:

 Spells                   Type           Power      Damage    Failure   Level
 Magic Dart               Conj           0%         1d3       71%         1
 Call Imp                 Summ           0%         N/A       85%         2
 Searing Ray              Conj           0%         2d4       85%         2
 Conjure Flame            Conj/Fire      0%         6-21      97%         3
 Ignite Poison            Fire/Tmut/Pois 0%         N/A       97%         3
 Mephitic Cloud           Conj/Pois/Air  0%         N/A       97%         3
 Fulminant Prism          Conj/Hex       0%         3d6       100%        4
 Sticky Flame             Conj/Fire      0%         2d3       100%        4


Dungeon Overview and Level Annotations

Branches:
Dungeon (5/15)
 Temple: D:4-7

Altars:

Annotations:
D:4 2 transporters


Innate Abilities, Weirdness & Mutations

You have a pair of horns on your head.
You reflexively headbutt those who attack you in melee.


Message History

Things that are here:
a +0 whip; a +0 robe Your attacks no longer feel as feeble.
There is a large open door here.
There is a stone staircase leading down here.
Key pressed, stopping explore.
You see here a +0 hand axe.
You open the large door.
A gnoll sergeant and a wolf come into view.
The gnoll sergeant shouts!
The wolf howls!
The wolf bites you.
You miss the wolf. The wolf bites you but does no damage. The wolf bites you.
You barely miss the wolf. The wolf bites you.
The gnoll sergeant hits you from afar with a +0 spear.
You closely miss the wolf. The wolf bites you. x2
The gnoll sergeant barely misses you.
You closely miss the wolf. The wolf closely misses you.
The wolf bites you but does no damage.
The gnoll sergeant hits you from afar with a +0 spear.
You sock the wolf! Your headbutt misses the wolf.
The wolf is severely wounded.
The wolf barely misses you.
The gnoll sergeant hits you from afar with a +0 spear!
You closely miss the wolf.
The wolf is severely wounded.
The wolf bites you. x2
The gnoll sergeant hits you from afar with a +0 spear!
You closely miss the wolf. Your headbutt misses the wolf.
The wolf is severely wounded.
The wolf bites you.
* * * LOW HITPOINT WARNING * * *
The wolf barely misses you.
The gnoll sergeant hits you from afar with a +0 spear.
* * * LOW HITPOINT WARNING * * *
As you read the scroll of teleportation, it crumbles to dust.
You feel strangely unstable. The wolf bites you but does no damage.
The gnoll sergeant hits you from afar with a +0 spear.
* * * LOW HITPOINT WARNING * * *
The wolf bites you!
You die...

#......................###
##..........#.......##....###
.......##...#.#.....##..##..#
....##.............###.....##
.#........#####......#....####
##....#..#######......)......##
........##.....#..............# #
........##.....'.........[..#####
##......##....gh@.............)##
.#......###+#..#.............))..
.....#..# #. #..............)..
.....#...# # ##..........###....
.....##...#####...........###....
.....##...............###..##....
).....#........#...##.#........#.
...............##..#..........##.
#...................#.##......##.


You could see a gnoll sergeant and a wolf.

Vanquished Creatures
  Sigmund (D:2)
  3 black bears
  A phantom (D:5)
  A gnoll sergeant (D:5)
  A necrophage (D:4)
  A jelly (D:5)
  6 hounds
  3 gnoll boudas (D:5)
  An orc priest (D:3)
  Crazy Yiuf (D:2)
  3 iguanas (D:4)
  3 orc wizards
  Robin (D:2)
  14 gnolls
  3 adders
  A worm (D:3)
  A dart slug (D:1)
  11 orcs
  8 bats
  4 endoplasms
  14 goblins
  8 hobgoblins
  8 jackals
  8 kobolds
  3 quokkas
  6 ball pythons
  4 frilled lizards
  8 rats
127 creatures vanquished.

Notes
Turn   | Place    | Note
-------+----------+-------------------------------------------
     0 | D:1      | LustLizard the Minotaur Monk began the quest for the Orb.
     0 | D:1      | Reached XP level 1. HP: 19/19 MP: 0/0
   191 | D:1      | Reached skill level 4 in Axes
   217 | D:1      | Reached XP level 2. HP: 27/27 MP: 1/1
   560 | D:1      | Reached skill level 1 in Throwing
   653 | D:1      | Reached XP level 3. HP: 33/33 MP: 2/2
  1149 | D:2      | Found a runed translucent door.
  1150 | D:2      | Noticed Crazy Yiuf
  1555 | D:2      | Noticed Robin
  1563 | D:2      | Killed Robin
  1564 | D:2      | Reached skill level 5 in Axes
  1686 | D:2      | Noticed Sigmund
  1701 | D:2      | Killed Sigmund
  1702 | D:2      | Reached skill level 6 in Axes
  1702 | D:2      | Reached XP level 4. HP: 33/40 MP: 3/3
  1702 | D:2      | Reached XP level 5. HP: 38/46 MP: 4/4
  2125 | D:2      | Reached skill level 7 in Axes
  2125 | D:2      | Reached XP level 6. HP: 49/52 MP: 5/5
  2248 | D:2      | HP: 2/52 [Crazy Yiuf/+3 quarterstaff of chaos (11)]
  2250 | D:2      | Killed Crazy Yiuf
  3968 | D:4      | Identified the +2 scale mail of Heresy {Str+2 SInv}
  4397 | D:4      | Found a transporter.
  4436 | D:4      | Found a transporter.
  4656 | D:4      | Reached skill level 8 in Axes
  4656 | D:4      | Reached XP level 7. HP: 58/58 MP: 6/6
  5063 | D:5      | Entered Level 5 of the Dungeon
  5277 | D:5      | Reached skill level 9 in Axes
  5832 | D:5      | Identified the +6 mace of Arbitration {vorpal, Int+6}
  5849 | D:5      | Reached skill level 1 in Maces & Flails
  5849 | D:5      | Reached XP level 8. HP: 62/66 MP: 7/7
  5896 | D:5      | Reached skill level 5 in Throwing
  6489 | D:5      | Reached skill level 5 in Maces & Flails
  6613 | D:5      | Slain by a wolf

Illustrated notes

Levels and vault maps discovered:
D:1:      dpeg_arrival_rooms_a, layout_loops_ring, minmay_domino_4
D:2:      layout_loops_corners, uniq_robin, uniq_crazy_yiuf_cottage,
          uniq_sigmund
D:3:      layout_basic, moated_statue
D:4:      gammafunk_wand_slinger, layout_gridville
D:5:      layout_cave_pools, serial_gnoll_camp, gnoll_camp_mini_hut,
          gnoll_camp_mini_hut, gnoll_camp_medium_02, gnoll_camp_mini_house,
          gnoll_camp_mini_hut

Skill      XL: |  1  2  3  4  5  6  7  8 |
---------------+-------------------------+-----
Axes           | 4 6 7 8 9 |  9.5
Throwing       | 1 2 3 4 5 |  5.6
Maces & Flails | 1 5 |  5.0
Fighting       | |  3.8
Dodging        | |  3.2
Stealth        | |  1.5

Action                   |  1- 3 |  4- 6 |  7- 9 || total
-------------------------+-------+-------+-------++-------
Melee: Hand axe          |   102 |   115 |   103 ||   320
       Headbutt          |    21 |    17 |    26 ||    64
       Punch             |       |     2 |     1 ||     3
       Mace              |       |       |    65 ||    65
Throw: Dart              |       |     8 |       ||     8
       Stone             |       |     2 |    14 ||    16
  Use: Scroll            |     1 |     3 |     1 ||     5
       Potion            |     1 |       |       ||     1
Armor: Scale mail        |    35 |    40 |    59 ||   134
       Robe              |     2 |       |       ||     2
Dodge: Dodged            |    37 |    60 |    65 ||   162
